 Dungeon Crawl Stone Soup version 0.30.1-11-g7821555f0a (webtiles) character file.

Game seed: 15278026045899429792

68 QuoteXIII the Poker (level 4, -5/33 HPs)
             Began as a Hill Orc Reaver on Oct 31, 2023.
             Was a Follower of Hepliaklqana.
             Slain by a gnoll
             ... wielding a +0 halberd
             ... led by a gnoll bouda
              (8 damage)
             ... on level 3 of the Dungeon.
             The game lasted 00:11:01 (1947 turns).

QuoteXIII the Poker (Hill Orc Reaver)               Turns: 1947, Time: 00:11:02

Health: -5/33      AC:  6    Str: 16    XL:     4   Next: 19%
Magic:  6/6        EV: 11    Int: 13    God:    Hepliaklqana [*.....]
Gold:   95         SH:  0    Dex:  9    Spells: 5/6 levels left

rFire   x . .        r - +2 dagger (vamp)
rCold   + . .        (no shield)
rNeg    . . .        p - +0 ring mail
rPois   .            s - +0 helmet
rElec   .            (no cloak)
rCorr   .            (no gloves)
SInv    .            (no boots)
Will    .....        (no amulet) Stlth
                     m - ring of ice
HPRegen 0.25/turn    (no ring)
MPRegen 0.10/turn

%: no passive effects
@: weakened
A: reduced essence
a: Renounce Religion, Recall Ancestor, Ancestor Identity


You were on level 3 of the Dungeon.
You worshipped Hepliaklqana.
Hepliaklqana was aware of your devotion.
You visited 1 branch of the dungeon, and saw 3 of its levels.

You collected 95 gold pieces.

Inventory:

Hand Weapons
 a - a +0 spear
 e - a +0 club
 g - a +0 dagger
 i - a +0 club
 j - a +0 short sword
 k - a +0 hand axe
 o - a +0 short sword
 q - a +0 war axe
 r - a +2 vampiric dagger (weapon)
 v - a +0 falchion
 y - a +0 whip
 z - a +0 dagger
Missiles
 c - 40 stones (quivered)
Armour
 b - a +0 leather armour
 l - a +0 robe
 p - a +0 ring mail (worn)
 s - a +0 helmet (worn)
 t - a +0 leather armour
Jewellery
 m - a ring of ice (left hand)
Scrolls
 d - a scroll of enchant armour {unknown}
 f - a scroll of teleportation {unknown}
 h - a scroll of fog {unknown}
 n - a scroll of blinking {unknown}
 u - a scroll of noise {unknown}
 w - a scroll of summoning {unknown}
 x - a scroll of identify {unknown}


   Skills:
 + Level 2.7 Fighting
 + Level 0.2 Short Blades
 + Level 3.8 Polearms
 + Level 1.3 Armour
 + Level 2.2 Dodging
 + Level 1.6 Spellcasting
 + Level 3.4 Conjurations


You had 5 spell levels left.
You knew the following spells:

 Your Spells              Type           Power      Damage    Failure   Level
a - Kiss of Death         Conj/Necr      20%        2d7       26%         1

Your spell library contained the following spells:

 Spells                   Type           Power      Damage    Failure   Level
 Momentum Strike          Conj/Tloc      10%        3d8       36%         2
 Beastly Appendage        Tmut           2%         N/A       45%         1
 Hailstorm                Conj/Ice       8%         3d4       58%         3
 Wereblood                Tmut           1%         N/A       61%         2
 Spider Form              Tmut/Pois      1%         N/A       83%         3


Dungeon Overview and Level Annotations

Branches:
Dungeon (3/15)

Altars:
Hepliaklqana

Annotations:
D:3 Natasha


Message History

The gnolls pick up the pace!
You barely miss the gnoll.
Ur-Dumizida hits the gnoll.
The gnoll misses you.
You hit the gnoll.
The gnoll is heavily wounded.
You closely miss the gnoll.
The gnoll is heavily wounded.
Ur-Dumizida hits the gnoll but does no damage.
A goblin comes into view. It is wielding a +0 club.
The gnoll hits you with a +0 club.
You hit the gnoll.
You feel better.
The gnoll is severely wounded.
Ur-Dumizida closely misses the gnoll.
The gnoll hits you but does no damage.
The gnoll hits you from afar with a +0 halberd!
Ur-Dumizida hits the gnoll but does no damage.
The gnoll hits Ur-Dumizida with a +0 club!
The gnoll barely misses you.
Ur-Dumizida hits the gnoll.
The gnoll bouda barely misses you. The gnoll hits you with a +0 club.
The gnoll hits Ur-Dumizida with a +0 flail.
The gnoll attacks as you move away! The gnoll hits you with a +0 club.
Ur-Dumizida hits the gnoll.
You hit the gnoll bouda but do no damage.
Ur-Dumizida barely misses the gnoll.
The gnoll bouda hits you with a +0 club.
The gnoll misses you.
The gnoll closely misses Ur-Dumizida.
You hit the gnoll bouda.
The gnoll bouda is lightly wounded.
Ur-Dumizida hits the gnoll.
The gnoll bouda calls upon its god to heal the gnoll.
The gnoll is healed somewhat.
The gnoll hits you from afar with a +0 halberd!
* * * LOW HITPOINT WARNING * * *
The gnoll misses you.
The gnoll hits Ur-Dumizida with a +0 club.
Natasha, Servant of Life and Death comes into view.
Ur-Dumizida hits the gnoll.
The gnoll hits Ur-Dumizida with a +0 club!
Ur-Dumizida is destroyed!
The gnoll hits you from afar with a +0 halberd!
You die...

###..............#
####.#........# .
#..........# ..
#..........#
#..######..#.......#
...........##.###....
...........##......#.
........gg.g.......#
.......@gg........
........##.†......
........##.....<..
................##
.h.......#...>.##
####.........?...
...?...........
................ ..<
..........


You could see a gnoll bouda, Natasha and 4 gnolls.

Vanquished Creatures
  An adder (D:2)
  3 dart slugs (D:1)
  A worm (D:2)
  3 ball pythons
  2 endoplasms (D:1)
  2 giant cockroaches (D:1)
  3 goblins
  A hobgoblin (D:1)
  3 jackals (D:1)
  6 quokkas
  4 bats
  3 frilled lizards (D:1)
  3 kobolds
  4 rats
39 creatures vanquished.

Vanquished Creatures (collateral kills)
  A ball python (D:3)
  2 endoplasms (D:3)
  2 hobgoblins (D:3)
  2 bats (D:3)
  A frilled lizard (D:3)
  A rat (D:3)
9 creatures vanquished.

Vanquished Creatures (others)
  An ancestor (D:3)
1 creature vanquished.

Grand Total: 49 creatures vanquished

Notes
Turn   | Place    | Note
-------+----------+-------------------------------------------
     0 | D:1      | QuoteXIII the Hill Orc Reaver began the quest for the Orb.
     0 | D:1      | Reached XP level 1. HP: 18/18 MP: 3/3
   234 | D:1      | Reached XP level 2. HP: 13/25 MP: 4/4
   575 | D:1      | Reached XP level 3. HP: 24/30 MP: 5/5
   736 | D:1      | Reached skill level 1 in Armour
  1482 | D:2      | Found a faded altar of an unknown god.
  1495 | D:2      | Prayed at the altar of an unknown god.
  1495 | D:2      | Became a worshipper of Hepliaklqana the Forgotten
  1495 | D:2      | Reached * piety under Hepliaklqana
  1827 | D:3      | Reached XP level 4. HP: 33/33 MP: 6/6
  1947 | D:3      | Noticed Natasha
  1947 | D:3      | Slain by a gnoll

Illustrated notes

Levels and vault maps discovered:
D:1:      minmay_arrival_shattered_statue, layout_rooms
D:2:      layout_basic, dreamdust_ecumenical_altar_sealed_demon,
          serial_park_tiny_2
D:3:      layout_rooms, serial_rivers, chequers_serial_rivers_micro_a,
          chequers_serial_rivers_room_a, chequers_serial_rivers_micro_c,
          chequers_serial_rivers_micro_b, uniq_natasha

Skill      XL: |  1  2  3 |
---------------+----------+-----
Dodging        | 2 |  2.2
Armour         | 1 |  1.3
Fighting       | |  2.7
Short Blades   | |  0.2
Polearms       | |  3.8
Spellcasting   | |  1.6
Conjurations   | |  3.4

Action                     |  1- 3 |  4- 6 || total
---------------------------+-------+-------++-------
  Melee: Spear             |   137 |       ||   137
         Dagger            |    29 |    19 ||    48
         Punch             |     1 |       ||     1
 Armour: Leather armour    |    38 |       ||    38
         Ring mail         |    10 |    17 ||    27
  Dodge: Dodged            |   123 |    18 ||   141
